 Dungeon Crawl Stone Soup version 0.30.0-7-g0c4daa9e05 (webtiles) character file.

Game seed: 4934960017423480783

1277 Atelerd the Covert (level 8, -1/46 HPs)
             Began as an Octopode Earth Elementalist on May 13, 2023.
             Was an Initiate of Sif Muna.
             Shot with an arrow by a centaur (11 damage)
             ... on level 6 of the Dungeon.
             The game lasted 00:08:17 (6920 turns).

Atelerd the Covert (Octopode Earth Elementalist)    Turns: 6920, Time: 00:08:17

Health: -1/46      AC:  1    Str:  7    XL:     8   Next: 54%
Magic:  17/17      EV: 13    Int: 32    God:    Sif Muna [......]
Gold:   319        SH:  0    Dex: 12    Spells: 9/19 levels left

rFire   . . .        u - +1 dagger (venom)
rCold   . . .        (no shield)
rNeg    . . .        (helmet restricted)
rPois   +            (no amulet)
rElec   .            i - +6 ring of intelligence
rCorr   .            b - ring of poison resistance
SInv    .            w - +6 ring of intelligence
Will    .....        (no ring)
Stlth   +++++        (no ring)
HPRegen 0.27/turn    (no ring)
MPRegen 0.15/turn    (no ring)
                     (no ring)

%: no passive effects
@: no status effects
A: almost no armour, amphibious, 8 rings, camouflage 1, gelatinous body 1,
(nimble swimmer 1), tentacles
a: Renounce Religion


You were on level 6 of the Dungeon.
You worshipped Sif Muna.
Sif Muna was noncommittal.
You visited 2 branches of the dungeon, and saw 7 of its levels.

You collected 411 gold pieces.
You spent 92 gold pieces at shops.

Inventory:

Hand Weapons
 d - a +0 dagger
 u - a +1 dagger of venom (weapon)
Missiles
 t - 2 throwing nets
Jewellery
 b - a ring of poison resistance (right tentacle)
 i - a +6 ring of intelligence (left tentacle)
 s - a ring of ice
 w - a +6 ring of intelligence (on tentacle)
Wands
 r - a wand of flame (12)
Scrolls
 c - 3 scrolls of identify
 e - a scroll of immolation {unknown}
 l - a scroll of vulnerability {unknown}
 m - 2 scrolls of teleportation {unknown}
 q - a scroll of poison {unknown}
 v - a scroll of blinking {unknown}
 x - a scroll of amnesia {unknown}
Potions
 a - a potion of magic
 f - 2 potions of haste {unknown}
 g - 2 potions of might
 h - 3 potions of heal wounds
 j - a potion of resistance {unknown}
 k - 2 potions of curing {unknown}
 n - a potion of flight {unknown}
 o - 2 potions of brilliance {unknown}
 p - 2 potions of lignification {unknown}
 z - a potion of invisibility {unknown}


   Skills:
 - Level 2.5 Dodging
 + Level 9.5 Stealth
 + Level 6.2 Spellcasting
 - Level 1.0 Conjurations
 - Level 2.0 Transmutations
 - Level 1.0 Air Magic
 - Level 4.0 Earth Magic
 - Level 1.0 Poison Magic


You had 9 spell levels left.
You knew the following spells:

 Your Spells              Type           Power      Damage    Failure   Level
a - Sandblast             Erth           70%        2d15      1%          1
b - Mephitic Cloud        Conj/Pois/Air  16%        N/A       9%          3
d - Passwall              Tmut/Erth      24%        N/A       1%          2
p - Petrify               Tmut/Erth      29%        N/A       13%         4

Your spell library contained the following spells:

 Spells                   Type           Power      Damage    Failure   Level
 Magic Dart               Conj           64%        1d6       3%          1
 Necrotise                Necr           36%        1d5       4%          1
 Stone Arrow              Conj/Erth      50%        3d10      4%          3
 Call Imp                 Summ           18%        N/A       7%          2
 Ensorcelled Hibernation  Hex/Ice        18%        N/A       7%          2
 Spider Form              Tmut/Pois      19%        N/A       8%          3
 Vhi's Electric Charge    Tloc/Air       26%        N/A       11%         3
 Vampiric Draining        Necr           9%         2d6       14%         3
 Anguish                  Hex/Necr       4%         N/A       41%         4
 Arcjolt                  Conj/Air       8%         1d18      63%         5
 Agony                    Necr           9%         N/A       77%         5
 Summon Forest            Summ/Tloc      4%         N/A       77%         5
 Summon Mana Viper        Hex/Summ       9%         N/A       77%         5
 Summon Cactus Giant      Summ           4%         N/A       100%        6
 Maxwell's Capacitive Co  Air            8%         ∞         100%        8


Dungeon Overview and Level Annotations

Branches:
Dungeon (6/15)             Temple (1/1) D:5

Altars:
Ashenzari
Cheibriados
Dithmenos
Elyvilon
Fedhas
Kikubaaqudgha
Makhleb
Qazlal
Ru
Sif Muna
Trog
Uskayaw
Vehumet
Wu Jian
Xom
Yredelemnul
Zin

Shops:
D:1 ([   D:4 *

Annotations:
D:1 exclusion: downstairs
D:3 exclusion: downstairs
D:5 exclusion: downstairs


Innate Abilities, Weirdness & Mutations

You cannot wear most types of armour.
You are amphibious.
You can wear up to eight rings at the same time.
Your skin changes colour to match your surroundings (Stealth+).
Your rubbery body absorbs attacks. (AC +1, EV +1)
((You are camouflaged when in or above water. (Stealth+)))
You have tentacles for arms and can constrict up to eight enemies at once.


Message History

The helpless orc warrior fails to defend itself.
You impale the orc warrior!!
The orc warrior is poisoned.
You grab the orc warrior. You squeeze the orc warrior.
The orc warrior is moderately wounded.
You constrict the orc warrior, but do no damage.
The helpless orc warrior fails to defend itself.
You impale the orc warrior!! You squeeze the orc warrior.
You kill the orc warrior!
Sif Muna accepts your kill.
No target in view!
No target in view!
You feel clever.
w - a +6 ring of intelligence (on tentacle)
Your magical contamination has completely faded away.
You now have 319 gold pieces (gained 15).
Things that are here:
a +0 robe; a +0 dagger of venom; an orc skeleton
m - 2 scrolls labelled TEHAYRPHAPEY (gained 1)
Things that are here:
a +0 whip; an orc skeleton You open the door.
There is an open door here.
z - a coppery potion A centaur comes into view.
A centaur is nearby!
A centaur is nearby!
A centaur is nearby!
A centaur is nearby! 2 centaurs come into view.
The centaur shouts! x2
The centaur wields a +0 shortbow.
The centaur shoots an arrow.
The arrow hits you.
The centaur wields a +0 shortbow.
The centaur shoots an arrow.
The arrow hits you!
A centaur comes into view.
You hear a shout!
The centaur shoots an arrow.
The arrow hits you!
The centaur shoots an arrow.
The arrow hits you!
* * * LOW HITPOINT WARNING * * *
The centaur shoots an arrow.
The arrow hits you!
You die...

############# ≈##
#...........# ≈≈≈≈
#...........#
≈≈≈≈≈####...........#
#.≈≈≈≈..............#
#.≈≈≈≈..@..........###
#..≈≈≈..###+###......#
#.c.≈≈≈..# #......#
....≈≈≈≈.# #......#
...≈≈≈≈≈.# #......#
c.c≈≈≈≈≈.# #......#
..≈≈≈≈≈≈.# #......####
≈≈≈≈≈≈≈≈.#
######......
#....#......


You could see 2 centaurs.

Vanquished Creatures
  An orc warrior (D:6)
  3 ogres (D:4)
  A bullfrog (D:3)
  A scorpion (D:5)
  4 crimson imps (D:5)
  2 hounds
  3 jellies
  Terence (D:2)
  A gnoll bouda (D:5)
  2 sleepcaps
  3 iguanas
  4 orc wizards
  8 adders
  7 gnolls
  A white imp (D:6)
  An ufetubus (D:5)
  2 worms (D:2)
  5 dart slugs
  10 orcs
  4 ball pythons
  2 bats (D:3)
  2 endoplasms
  4 giant cockroaches
  3 goblins
  5 hobgoblins
  6 jackals
  A quokka (D:4)
  5 frilled lizards
  6 kobolds
  A rat (D:3)
99 creatures vanquished.

Notes
Turn   | Place    | Note
-------+----------+-------------------------------------------
     0 | D:1      | Atelerd the Octopode Earth Elementalist began the quest for
                  | the Orb.
     0 | D:1      | Reached XP level 1. HP: 11/11 MP: 3/3
   190 | D:1      | Reached XP level 2. HP: 17/17 MP: 3/5
   218 | D:1      | Found Hoegar's Weapon Boutique.
   279 | D:1      | Reached skill level 3 in Stealth
   475 | D:1      | Found a faded altar of an unknown god.
   685 | D:1      | Found Kuruez's Armour Shoppe.
  1019 | D:2      | Reached XP level 3. HP: 21/21 MP: 4/6
  1606 | D:2      | Noticed Terence
  2297 | D:3      | Reached XP level 4. HP: 24/27 MP: 7/7
  2301 | D:3      | Learned a level 3 spell: Mephitic Cloud
  2448 | D:3      | Found a bloodstained altar of Trog.
  2449 | D:3      | Noticed a bullfrog
  2489 | D:3      | Killed a bullfrog
  2490 | D:3      | Reached skill level 1 in Conjurations
  2490 | D:3      | Reached skill level 1 in Air Magic
  2490 | D:3      | Reached skill level 1 in Poison Magic
  2490 | D:3      | Reached XP level 5. HP: 31/31 MP: 3/8
  2581 | D:3      | Reached skill level 4 in Stealth
  2856 | D:4      | Noticed an ogre
  2869 | D:3      | Learned a level 4 spell: Petrify
  3220 | D:4      | Found a basalt altar of Yredelemnul.
  3242 | D:4      | Reached XP level 6. HP: 36/36 MP: 5/10
  3302 | D:4      | Reached skill level 5 in Stealth
  3463 | D:4      | Reached skill level 6 in Stealth
  3761 | D:4      | Reached XP level 7. HP: 28/41 MP: 11/13
  4021 | D:4      | Found Dawihib's Assorted Antiques.
  4080 | D:4      | Bought 2 sedimented puce potions for 37 gold pieces
  4080 | D:4      | Bought 2 glowing silvery potions for 37 gold pieces
  4080 | D:4      | Bought a white potion for 18 gold pieces
  4195 | D:4      | Learned a level 2 spell: Passwall
  4260 | D:5      | Entered Level 5 of the Dungeon
  4325 | D:5      | Found a glowing silver altar of Zin.
  4383 | D:5      | Reached skill level 7 in Stealth
  4511 | D:5      | Found a broken altar of Ashenzari.
  4651 | D:5      | Found a staircase to the Ecumenical Temple.
  4836 | D:5      | Reached skill level 5 in Spellcasting
  4969 | D:5      | Found a shimmering altar of Xom.
  4974 | D:5      | Reached skill level 8 in Stealth
  4974 | D:5      | Reached XP level 8. HP: 46/46 MP: 11/15
  5186 | Temple   | Entered the Ecumenical Temple
  5385 | Temple   | Became a worshipper of Sif Muna the Loreminder
  5709 | D:2      | Killed Terence
  6341 | D:6      | Found a white marble altar of Elyvilon.
  6540 | D:6      | Reached skill level 9 in Stealth
  6920 | D:6      | Shot with an arrow by a centaur

Illustrated notes

Levels and vault maps discovered:
D:1:      sevenhm_arrival_forest_fort_small_6, layout_loops_cross, serial_shops,
          shop, shop_coins, chequers_ecumenical_altar_simple,
          minmay_misc_feat_ornament
D:2:      layout_basic, minmay_tripent, uniq_terence
D:3:      layout_loops_ring, lemuel_tele_altar
D:4:      layout_basic, mainiacjoe_overflow_concentric_impassable, serial_shops,
          nicolae_shop_crystal, serial_glass, glass_columns_b, glass_columns_b,
          item_on_display_b
D:5:      layout_rooms, led_xom_imps, zin_statuary, nicolae_ashenzari_skybound,
          minmay_temple_entry_arrows, minmay_misc_feat_enclosed,
          chequers_serial_rivers_micro_d
D:6:      layout_gridville, amcnicky_altar_gilded,
          mainiacjoe_overflow_six_doors_small, gammafunk_temple_overflow_statue,
          centaur_isle
Temple:   bh_familiar_temple

Skill      XL: |  1  2  3  4  5  6  7  8 |
---------------+-------------------------+-----
Stealth        | 3 4 6 8 9 |  9.5
Conjurations   | 1 |  1.0
Transmutations | 2 |  2.0
Air Magic      | 1 |  1.0
Poison Magic   | 1 |  1.0
Spellcasting   | 3 4 5 6 |  6.2
Earth Magic    | 4 |  4.0
Dodging        | |  2.5

Action                     |  1- 3 |  4- 6 |  7- 9 || total
---------------------------+-------+-------+-------++-------
  Melee: Unarmed           |     3 |       |       ||     3
         Constrict         |     7 |     1 |     6 ||    14
         Dagger            |    14 |     8 |    25 ||    47
         Tentacles         |     5 |     1 |     5 ||    11
   Cast: Sandblast         |    37 |    37 |    77 ||   151
         Mephitic Cloud    |       |     1 |     2 ||     3
         Petrify           |       |       |     7 ||     7
         Passwall          |       |       |     2 ||     2
    Use: Scroll            |       |     1 |       ||     1
         Potion            |       |       |     1 ||     1
   Stab: Sleeping          |     1 |     1 |     2 ||     4
         Petrified         |       |       |     8 ||     8
 Armour: Skin              |     2 |     2 |     2 ||     6
  Dodge: Dodged            |    15 |    19 |    44 ||    78
